 Dungeon Crawl Stone Soup version 0.29.1-15-g9cfb28693d (webtiles) character file.

Game seed: 1497637086069519970

107 Ast3rio the Chiller (level 4, -1/24 HPs)
             Began as a Deep Elf Ice Elementalist on Mar 28, 2023.
             Was an Initiate of Elyvilon.
             Slain by an orc wizard
             ... wielding a +3 dagger
              (3 damage)
             ... on level 3 of the Dungeon.
             The game lasted 00:03:30 (2771 turns).

Ast3rio the Chiller (Deep Elf Ice Elementalist)     Turns: 2771, Time: 00:03:30

Health: -1/24      AC:  2    Str:  5    XL:     4   Next: 56%
Magic:  10/12      EV: 12    Int: 22    God:    Elyvilon [......]
Gold:   67         SH:  0    Dex: 15    Spells: 7/11 levels left

rFire   . . .      SeeInvis .   (no weapon)
rCold   . . .      Faith    .   (no shield)
rNeg    . . .      Spirit   .   a - +0 robe
rPois   .          Reflect  .   (no helmet)
rElec   .          Harm     .   (no cloak)
rCorr   +          Rampage  .   (no gloves)
Will    .....                   (no boots)
Stlth   ++........              (no amulet)
HPRegen 0.08/turn               d - ring of resist corrosion
MPRegen 0.13/turn               (no ring)

@: no status effects
A: no striking features
a: Renounce Religion


You were on level 3 of the Dungeon.
You worshipped Elyvilon.
Elyvilon was noncommittal.
You visited 1 branch of the dungeon, and saw 3 of its levels.

You collected 67 gold pieces.

Inventory:

Armour
 a - a +0 robe (worn)
Jewellery
 d - a ring of resist corrosion (left hand)
Wands
 p - a wand of digging (4)
Scrolls
 e - 5 scrolls of identify {unknown}
 f - 2 scrolls of blinking {unknown}
 g - a scroll of magic mapping {unknown}
 i - a scroll of fear {unknown}
 j - a scroll of brand weapon {unknown}
 q - a scroll of teleportation {unknown}
Potions
 b - a potion of magic
 c - a potion of ambrosia {unknown}
 h - a potion of degeneration {unknown}
 k - a potion of haste {unknown}
 l - 2 potions of might {unknown}
 m - a potion of cancellation {unknown}
 n - a potion of brilliance {unknown}
 o - a potion of heal wounds {unknown}
 r - a potion of curing {unknown}


   Skills:
 + Level 2.6 Dodging
 + Level 3.4 Stealth
 + Level 4.4 Spellcasting
 + Level 5.4 Ice Magic


You had 7 spell levels left.
You knew the following spells:

 Your Spells              Type           Power      Damage    Failure   Level
a - Freeze                Ice            100%       1d11      1%          1
b - Frozen Ramparts       Ice            56%        1d9       3%          3

Your spell library contained the following spells:

 Spells                   Type           Power      Damage    Failure   Level
 Ozocubu's Armour         Ice            28%        N/A       3%          3
 Ensorcelled Hibernation  Hex/Ice        32%        N/A       5%          2
 Shock                    Conj/Air       16%        1d4       11%         1
 Passwall                 Tmut/Erth      3%         N/A       16%         2
 Swiftness                Air            4%         N/A       32%         3
 Hailstorm                Conj/Ice       16%        3d6       34%         4
 Olgreb's Toxic Radiance  Pois           4%         N/A       71%         4
 Freezing Cloud           Conj/Ice/Air   6%         6-21      80%         5
 Summon Forest            Summ/Tloc      2%         N/A       96%         5
 Eringya's Noxious Bog    Tmut/Pois      2%         N/A       100%        6
 Summon Hydra             Summ           2%         N/A       100%        7
 Maxwell's Capacitive Co  Air            2%         ∞         100%        8


Dungeon Overview and Level Annotations

Branches:
Dungeon (3/15)

Altars:
Elyvilon
Fedhas
Gozag
Okawaru
Xom

Annotations:
D:3 2 transporters, Akroth's ghost, amateur HuCA


Message History

You add the spells Shock, Olgreb's Toxic Radiance, Freezing Cloud and Maxwell's Capacitive Coupling to your library.
Found a blossoming altar of Fedhas.
Found a ring mail. 2 orcs come into view.
There are monsters nearby!
An orc wizard comes into view. It is wielding a +3 dagger.
The orc shouts! x2
Casting: Freeze (safe; 1% risk of failure)
Confirm with . or Enter, or press ? or * to list all spells.
The spell is quite dangerous to miscast (3% risk of failure)!
Continue anyway?
Casting: Frozen Ramparts (quite dangerous; 3% risk of failure)
Press: ? - help, Dir - look around, f - activate The walls around you are covered in ice.
The orc wizard casts a spell.
The orc wizard flickers and vanishes!
Deactivating autopickup; reactivate with Ctrl-A.
Your frozen ramparts will break if you move.
Continue?
Okay, then.
The wall freezes the orc but does no damage.
The orc barely misses you. x2
The wall freezes the orc but does no damage.
The orc hits you with a +0 club.
The wall freezes the orc but does no damage.
The orc hits you but does no damage.
The wall freezes the orc but does no damage.
The orc hits you with a +0 club. Something hits you.
You hear some strange, mumbled words.
Something tries to affect you, but you resist.
The wall freezes the orc.
The orc hits you with a +0 club.
The wall freezes the orc.
You kill the orc!
Something hits you.
The wall freezes the orc!
You kill the orc!
Something hits you.
You hear some strange, mumbled words.
A puff of flame appears from out of thin air!
The puff of flame hits you!
* * * LOW HITPOINT WARNING * * *
The frozen ramparts melt away.
Something hits you.
You die...

#.# #..# ..!$..# ##.. #.#
#..## ##### ###...
#.####...####.©.####.....
#......#.................
#..#####.#.##..###....<..
#..# #.#....#..........
#..# #.######.##.....#.
#..# #.######.##...#.##
#..#####@)....#......#.##
#.......){..#.####.#.#.##
#............... #.#.....
............... #.#####.
.........#._.#. #.# #.
..............[ #.# ##
##.........#... ...#####
#.........#### #.......
#.........# ##.#####


There were no monsters in sight!

Vanquished Creatures
  Ijyb (D:3)
  4 adders
  A worm (D:2)
  2 dart slugs
  2 orcs (D:3)
  4 endoplasms
  A giant cockroach (D:1)
  2 goblins (D:2)
  3 hobgoblins
  4 jackals (D:2)
  3 kobolds
  5 ball pythons
  A bat (D:1)
  2 frilled lizards
  A rat (D:1)
  A spectral hobgoblin (D:1)
37 creatures vanquished.

Notes
Turn   | Place    | Note
-------+----------+-------------------------------------------
     0 | D:1      | Ast3rio the Deep Elf Ice Elementalist began the quest for
                  | the Orb.
     0 | D:1      | Reached XP level 1. HP: 10/10 MP: 6/6
   312 | D:1      | Reached XP level 2. HP: 15/15 MP: 6/8
   337 | D:1      | Found a faded altar of an unknown god.
  1113 | D:2      | Reached skill level 5 in Ice Magic
  1233 | D:2      | Reached XP level 3. HP: 11/19 MP: 7/10
  1366 | D:2      | Found an iron altar of Okawaru.
  2027 | D:2      | You fall into a shaft and drop 1 floor!
  2027 | D:3      | Found a white marble altar of Elyvilon.
  2031 | D:3      | Became a worshipper of Elyvilon the Healer
  2082 | D:3      | Found a shimmering altar of Xom.
  2153 | D:3      | Found an opulent altar of Gozag.
  2206 | D:3      | Reached XP level 4. HP: 20/24 MP: 10/12
  2348 | D:3      | Found a transporter.
  2392 | D:3      | Noticed Ijyb
  2402 | D:3      | Killed Ijyb
  2408 | D:3      | Learned a level 3 spell: Frozen Ramparts
  2648 | D:3      | Identified the +3 long sword of Disarray {drain, Stlth+}
  2666 | D:3      | Found a transporter.
  2683 | D:3      | Noticed Akroth's ghost (amateur HuCA)
  2694 | D:3      | Got the Volume of Cankerous Ozone
  2750 | D:3      | Found a blossoming altar of Fedhas.
  2771 | D:3      | Slain by an orc wizard

Illustrated notes

Levels and vault maps discovered:
D:1:      psy_arrival_dodecagon, layout_basic,
          dreamdust_ecumenical_altar_drowned_temple, kennysheep_small_spiral,
          serial_bayou_lagoon_a, serial_bayou_pond_a
D:2:      layout_rooms, basic_altar
D:3:      layout_basic, mainiacjoe_overflow_brackets, overflow_temple_1_default,
          mainiacjoe_overflow_24_doors, mainiacjoe_overflow_tiny_flanked,
          mainiacjoe_overflow_boulevard, gammafunk_ghost_stat_death,
          ebering_dispersal_statue_hall, uniq_ijyb

Skill      XL: |  1  2  3  4 |
---------------+-------------+-----
Ice Magic      | 5 |  5.4
Spellcasting   | 4 |  4.4
Stealth        | 3 |  3.4
Dodging        | |  2.6

Action                   |  1- 3 |  4- 6 || total
-------------------------+-------+-------++-------
Melee: Unarmed           |     7 |     1 ||     8
 Cast: Freeze            |    55 |    11 ||    66
       Frozen Ramparts   |       |     1 ||     1
 Stab: Sleeping          |     1 |       ||     1
Armor: Robe              |     5 |     2 ||     7
Dodge: Dodged            |    25 |     6 ||    31
